 Dungeon Crawl Stone Soup version 0.31-a0-185-g9dded2c639 (webtiles) character file.

Game seed: 2902598788930989179

1659 qw the Skirmisher (level 8, -4/42 (46) HPs)
             Began as a Deep Elf Hunter on June 22, 2023.
             Slain by an orc warrior
             ... wielding a +0 dire flail
              (11 damage)
             ... on level 8 of the Dungeon.
             The game lasted 00:01:39 (4262 turns).

qw the Skirmisher (Deep Elf Hunter)                 Turns: 4262, Time: 00:01:39

HP:   -4/42 (46)    AC:  7    Str: 10    XL:     8   Next: 68%
MP:   10/10         EV: 12    Int: 15    God:
Gold: 203           SH:  0    Dex: 18    Spells: 7/7 levels left

rFire   . . .        j - -1 hand crossbow
rCold   . . .        (no shield)
rNeg    . . .        m - +0 ring mail
rPois   +            b - +1 helmet
rElec   .            (no cloak)
rCorr   .            (no gloves)
SInv    +            (no boots)
Will    .....        (no amulet)
Stlth   +            h - ring of poison resistance
HPRegen 0.27/turn    i - ring of see invisible
MPRegen 0.12/turn

%: no passive effects
@: drained
A: no striking features
a: no special abilities


You were on level 8 of the Dungeon.
You visited 1 branch of the dungeon, and saw 8 of its levels.

You collected 282 gold pieces.
You spent 79 gold pieces at shops.


   Skills:
 - Level 3.1 Fighting
 + Level 13.9 Ranged Weapons
 - Level 1.0 Armour
 - Level 4.1 Dodging
 - Level 1.2 Stealth


You had 7 spell levels left.
You didn't know any spells.
Your spell library was empty.

Inventory:

Hand Weapons
 j - a -1 hand crossbow (weapon)
Armour
 b - a +1 helmet (worn)
 g - a +0 leather armour of poison resistance
 m - a +0 ring mail (worn)
Jewellery
 h - a ring of poison resistance (left hand)
 i - a ring of see invisible (right hand)
 n - a ring of positive energy
Scrolls
 a - 2 scrolls of identify
Potions
 d - a potion of cancellation
 e - a potion of might
 l - 2 potions of mutation

Dungeon Overview and Level Annotations

Branches:
Dungeon (9/15)
 Temple: D:4-7         Lair: D:8-11         Orc: D:9-12

Altars:
Hepliaklqana
Sif Muna
Trog
Uskayaw
Wu Jian
Xom

Shops:
D:4 *   D:5 *


Message History

Found a white potion and a scroll of identify.
There is a stone staircase leading down here.
There are monsters nearby!
Waypoint 7 assigned to D:8.
You shoot a bolt. The orc shouts!
The bolt hits the orc!
You kill the orc!
You shoot a bolt. The bolt hits the orc!!
You kill the orc!
You shoot a bolt.
The bolt hits the orc warrior but does no damage.
The orc wizard mumbles some strange words.
The orc wizard flickers and vanishes for a moment.
You shoot a bolt. The bolt hits the orc warrior!
The orc warrior is heavily wounded.
The orc wizard casts a spell at you.
You are confused.
The orc warrior barely misses you.
The orc warrior hits you but does no damage.
The orc wizard hits you but does no damage.
You feel drained.
The orc warrior hits you with a +0 dire flail!
The orc wizard hits you but does no damage.
You feel drained.
The orc warrior hits you with a +0 dire flail.
The orc wizard hits you with a +1 dagger of draining.
You feel drained.
The orc warrior hits you with a +0 dire flail!
The orc wizard closely misses you. The orc warrior closely misses you.
The orc wizard points at you and mumbles some strange words.
The magic dart hits you. The orc warrior misses you.
You feel less confused. The orc wizard barely misses you.
The orc warrior hits you with a +0 dire flail!
You shoot a bolt. The bolt hits the orc warrior!
The orc warrior is severely wounded.
The orc wizard hits you with a +1 dagger of draining.
You feel drained.
The orc warrior hits you with a +0 dire flail!
You die...

###### #......
##.......
#..!.....
#........
#........
#@.......
......oo.......
.).............
....)####....?.
..... #####.
####


You could see an orc warrior and an orc wizard (invisible).

Vanquished Creatures
  A water moccasin (D:4)
  An ice beast (D:6)
  A black bear (D:4)
  3 ogres
  A centaur (D:5)
  A kobold brigand (D:6)
  2 phantoms (D:5)
  A scorpion (D:5)
  2 howler monkeys
  3 hounds
  3 jellies
  An orc priest (D:6)
  A gnoll bouda (D:6)
  3 iguanas
  A sleepcap (D:3)
  3 orc wizards
  15 gnolls
  4 adders
  A shadow imp (D:5)
  2 worms (D:4)
  A dart slug (D:4)
  12 orcs
  6 ball pythons
  6 bats
  3 endoplasms
  2 giant cockroaches (D:2)
  4 goblins
  7 hobgoblins
  4 jackals (D:4)
  16 kobolds
  2 quokkas
  A frilled lizard (D:3)
  A rat (D:2)
115 creatures vanquished.

Vanquished Creatures (others)
  A wizard (D:3)
1 creature vanquished.

Grand Total: 116 creatures vanquished

Notes
Turn   | Place    | Note
-------+----------+-------------------------------------------
     0 | D:1      | qw the Deep Elf Hunter began the quest for the Orb.
     0 | D:1      | Reached XP level 1. HP: 12/12 MP: 3/3
     0 | D:1      | 0 ||| qw: Version: 0.3-a-9-g12657ce
     0 | D:1      | 0 ||| qw: Game counter: 1790
     0 | D:1      | 0 ||| qw: Always use a shield: true
     0 | D:1      | 0 ||| qw: God list: Okawaru
     0 | D:1      | 0 ||| qw: Allow faded altars: false
     0 | D:1      | 0 ||| qw: Do Orc after D:15 true
     0 | D:1      | 0 ||| qw: Do second Lair branch before Depths: true
     0 | D:1      | 0 ||| qw: Lair rune preference: random
     0 | D:1      | 0 ||| qw: Plans: Normal
     0 | D:1      | 0 ||| PLANNING D:1-11
   348 | D:1      | Reached skill level 6 in Ranged Weapons
   348 | D:1      | Reached XP level 2. HP: 16/16 MP: 4/4
   525 | D:1      | 525 ||| UPGRADING to ring of poison resistance.
   526 | D:1      | 526 ||| READING 2 scrolls labelled PUDOTA JISOE.
   527 | D:1      | 527 ||| READING scroll labelled WOLAER OMMUC.
   528 | D:1      | 528 ||| READING scroll labelled KUORA ARISM.
   529 | D:1      | 529 ||| DROPPING scroll of butterflies.
   558 | D:2      | 558 ||| FLEEEEING.
   566 | D:2      | 566 ||| STAIRDANCE
   608 | D:2      | Reached XP level 3. HP: 20/20 MP: 5/5
   614 | D:2      | HP: 3/20 [gnoll/+0 spear (5)]
   615 | D:2      | Reached skill level 7 in Ranged Weapons
  1058 | D:2      | 1058 ||| READING scroll labelled MUWNIM FYIN.
  1059 | D:2      | 1059 ||| DRINKING 2 green potions.
  1060 | D:2      | 1060 ||| DROPPING potion of attraction.
  1092 | D:2      | Reached XP level 4. HP: 25/25 MP: 6/6
  1215 | D:3      | Found a bloodstained altar of Trog.
  1239 | D:3      | Reached skill level 8 in Ranged Weapons
  1277 | D:3      | Reached XP level 5. HP: 23/29 MP: 7/7
  1405 | D:3      | 1405 ||| READING scroll of enchant weapon.
  1405 | D:3      | 1405 ||| ENCHANTING +1 shortbow.
  1487 | D:3      | Found a hide-covered altar of Uskayaw.
  1487 | D:3      | Found a shimmering blue altar of Sif Muna.
  1508 | D:3      | 1508 ||| READING scroll of enchant weapon.
  1508 | D:3      | 1508 ||| ENCHANTING +2 shortbow.
  1548 | D:3      | Found a hazy altar of Hepliaklqana.
  1598 | D:3      | Noticed a wizard
  1601 | D:3      | Killed a wizard
  1608 | D:3      | 1608 ||| UPGRADING to +0 ring mail.
  1618 | D:3      | 1618 ||| DROPPING +0 leather armour.
  1619 | D:3      | 1619 ||| UPGRADING to ring of see invisible.
  1620 | D:3      | 1620 ||| READING 2 scrolls labelled BOVEAB USTRURO.
  1624 | D:3      | 1624 ||| READING 2 scrolls labelled TOTIER SISOWI.
  1625 | D:3      | 1625 ||| READING scroll labelled USOYGI LURUIDI.
  1626 | D:3      | 1626 ||| DRINKING 2 black potions.
  1730 | D:3      | 1730 ||| READING 2 scrolls of identify.
  1730 | D:3      | 1730 ||| IDENTIFYING sedimented ruby potion
  1731 | D:3      | 1731 ||| DROPPING potion of invisibility.
  1732 | D:3      | 1732 ||| DROPPING potion of berserk rage.
  1733 | D:3      | 1733 ||| DROPPING scroll of blinking.
  1812 | D:4      | 1812 ||| FLEEEEING.
  1813 | D:4      | 1813 ||| FLEEEEING.
  1814 | D:4      | 1814 ||| FLEEEEING.
  1818 | D:4      | Reached skill level 9 in Ranged Weapons
  1871 | D:4      | Reached XP level 6. HP: 35/35 MP: 8/8
  1894 | D:4      | Reached skill level 10 in Ranged Weapons
  2109 | D:4      | Found Fetibbobb's Serpentskin Sales.
  2109 | D:4      | Noticed a water moccasin
  2111 | D:4      | Killed a water moccasin
  2124 | D:4      | 2124 ||| BUYING +0 leather armour of poison resistance (78
                  | gold).
  2124 | D:4      | Bought a +0 leather armour of poison resistance for 78 gold
                  | pieces
  2240 | D:4      | Reached XP level 7. HP: 40/40 MP: 9/9
  2557 | D:4      | 2557 ||| UPGRADING to +1 helmet.
  2562 | D:4      | 2562 ||| DROPPING +0 leather armour of cold resistance.
  2563 | D:4      | 2563 ||| READING scroll labelled FOYW UXEVEUCI.
  2564 | D:4      | 2564 ||| READING scroll labelled FOACAU IDEE.
  2565 | D:4      | 2565 ||| DRINKING 2 metallic amethyst potions.
  2597 | D:5      | Entered Level 5 of the Dungeon
  2641 | D:5      | Reached skill level 1 in Armour
  2661 | D:5      | Reached skill level 11 in Ranged Weapons
  2698 | D:5      | 2698 ||| Stepping ~*~*~tactically~*~*~ (outnumbered).
  3035 | D:5      | Reached skill level 12 in Ranged Weapons
  3103 | D:5      | Found Cunah's Lightly-Used Armoury.
  3114 | D:5      | 3114 ||| BUYING -1 hand crossbow (1 gold).
  3114 | D:5      | Bought a -1 hand crossbow for 1 gold piece
  3114 | D:5      | 3114 ||| SWAPPING to -1 hand crossbow.
  3126 | D:5      | Reached XP level 8. HP: 35/45 MP: 10/10
  3163 | D:5      | 3163 ||| DROPPING +3 heavy shortbow.
  3186 | D:5      | Reached skill level 3 in Fighting
  3442 | D:5      | 3442 ||| READING 3 scrolls of identify.
  3442 | D:5      | 3442 ||| IDENTIFYING smoky orange potion
  3443 | D:5      | 3443 ||| READING 2 scrolls of identify.
  3443 | D:5      | 3443 ||| IDENTIFYING smoky silvery potion
  3462 | D:6      | 3462 ||| STAIRDANCE
  3464 | D:5      | HP: 4/46 [ogre/+0 giant spiked club (15)]
  3465 | D:5      | 3465 ||| READING 2 scrolls of teleportation.
  3707 | D:6      | Reached skill level 13 in Ranged Weapons
  3716 | D:6      | HP: 5/46 [gnoll/+0 spear[a gnoll bouda] (7)]
  3717 | D:6      | 3717 ||| READING 2 scrolls of teleportation.
  3748 | D:6      | 3748 ||| READING scroll of teleportation.
  3876 | D:6      | Found a shimmering altar of Xom.
  4027 | D:6      | Found an ornate altar of the Wu Jian Council.
  4227 | D:6      | You fall into a shaft and drop 3 floors!
  4261 | D:8      | HP: 8/43 [orc warrior/+0 dire flail (12)]
  4262 | D:8      | Slain by an orc warrior

Levels and vault maps discovered:
D:1:      minmay_arrival_hallway, layout_loops_ring, grunt_decor_junction
D:2:      layout_rooms
D:3:      layout_rooms, nzn_hepliaklqana_mist_gate, trog_wizard,
          nicolae_overflow_two_pavilions
D:4:      layout_basic, guppyfry_shop_venom
D:5:      layout_loops_ring, minmay_shop_damaged
D:6:      layout_rooms, mainiacjoe_overflow_six_doors_small,
          fedhas_altar_fruit_tree, lemuel_crystal_altar
D:8:      layout_rooms, mainiacjoe_overflow_surrounded_room, serial_shops,
          nicolae_shop_behind_doors
D:9:      layout_irregular_city, lair_entry_dummy,
          minmay_misc_feat_secret_circle, uniq_maurice

Skill      XL: |  1  2  3  4  5  6  7  8 |
---------------+-------------------------+-----
Ranged Weapons | 6 7 8 9 10 12 13 | 13.9
Fighting       | 2 3 |  3.1
Dodging        | 4 |  4.1
Armour         | 1 |  1.0
Stealth        | |  1.2

Action                     |  1- 3 |  4- 6 |  7- 9 || total
---------------------------+-------+-------+-------++-------
   Fire: Shortbow          |    80 |   108 |    67 ||   255
         Hand crossbow     |       |       |    80 ||    80
    Use: Scroll            |     4 |     6 |     7 ||    17
         Potion            |     1 |     1 |     1 ||     3
 Armour: Leather armour    |     3 |     2 |       ||     5
         Ring mail         |       |    17 |    29 ||    46
  Dodge: Dodged            |    11 |    30 |    57 ||    98

Table legend:
 A = Non-vault XP
 B = Vault XP
 C = Vault XP percentage of total XP
 D = Non-vault monster count
 E = Vault monster count
 F = Vault count percentage of total count
                 A         B        C        D         E       F
            +---------+---------+-------+---------+---------+-------
      Total |    2229 |     142 |   6.0 |     114 |       1 |   0.9
            +---------+---------+-------+---------+---------+-------
        D:1 |      18 |       0 |   0.0 |      10 |       0 |   0.0
        D:2 |      90 |       0 |   0.0 |      17 |       0 |   0.0
        D:3 |     120 |       0 |   0.0 |      15 |       0 |   0.0
        D:4 |     507 |     142 |  21.9 |      29 |       1 |   3.3
        D:5 |     940 |       0 |   0.0 |      22 |       0 |   0.0
        D:6 |     548 |       0 |   0.0 |      19 |       0 |   0.0
        D:8 |       6 |       0 |   0.0 |       2 |       0 |   0.0
            +---------+---------+-------+---------+---------+-------
